 Dungeon Crawl Stone Soup version 0.20-a0-513-g02c11fc (webtiles) character file.

130 Klosterheim the Skirmisher (level 5, -1/53 HPs)
             Began as an Ogre Ice Elementalist on Jan 22, 2017.
             Slain by a gnoll
             ... wielding a +0 spear
              (7 damage)
             ... on level 1 of the Dungeon.
             The game lasted 00:05:29 (3117 turns).

Klosterheim the Skirmisher (Ogre Ice Elementalist)  Turns: 3117, Time: 00:05:30

Health: -1/53      AC:  3    Str: 13    XL:     5   Next: 14%
Magic:  4/9        EV: 10    Int: 16    God:
Gold:   92         SH:  0    Dex:  9    Spells: 8/9 levels left

rFire    . . .     SeeInvis .   l - +0 flail
rCold    . . .     Gourm    .   a - +0 robe
rNeg     . . .     Faith    .   (no shield)
rPois    +         Spirit   .   (helmet restricted)
rElec    .         Reflect  .   (no cloak)
rCorr    .         Harm     .   (gloves unavailable)
MR       .....                  (boots unavailable)
Stlth    +.........             (no amulet)
Regen    0.2/turn               (no ring)
                                f - ring of poison resistance

@: no status effects
A: unfitting armour, tough skin 1
a: no special abilities


You were on level 1 of the Dungeon.
You were very hungry.

You visited 1 branch of the dungeon, and saw 2 of its levels.

You collected 92 gold pieces.

Inventory:

Hand Weapons
 l - a +0 flail (weapon)
Armour
 a - a +0 robe (worn)
Jewellery
 f - a ring of poison resistance (left hand)
Scrolls
 e - a scroll of amnesia {unknown}
 g - a scroll of identify {unknown}
 i - a scroll of teleportation {unknown}
 m - a scroll of enchant armour {unknown}
Potions
 h - a potion of flight {unknown}
 j - a potion of invisibility {unknown}
Books
 b - a book of Frost

   Spells                             Type                      Level
   a - Freeze                         Ice                          1
   b - Throw Frost                    Conjuration/Ice              2
   c - Ozocubu's Armour               Charms/Ice                   3
   d - Throw Icicle                   Conjuration/Ice              4
   e - Summon Ice Beast               Ice/Summoning                4
Comestibles
 c - 2 bread rations
 k - a meat ration


   Skills:
 - Level 3.6 Fighting
 - Level 2.2 Maces & Flails
 - Level 1.7 Dodging
 - Level 1.4 Stealth
 + Level 2.7 Spellcasting
   Level 0.8 Conjurations
 * Level 3.3 Ice Magic


You had 8 spell levels left.
You knew the following spells:

 Your Spells              Type           Power        Failure   Level  Hunger
a - Freeze                Ice            ##..         6%          1    #......


Dungeon Overview and Level Annotations

Branches:
Dungeon (2/15)

Altars:


Innate Abilities, Weirdness & Mutations

You are too large for most types of armour.
You have tough skin. (AC +1)


Message History

Things that are here:
a halberd; a gnoll corpse
Casting: Freeze
Confirm with . or Enter, or press ? or * to list all spells.
Aiming: Freeze
Press: ? - help, Shift-Dir - straight line, f - gnoll
Aim: a gnoll, wielding a spear You freeze the gnoll.
The gnoll is lightly wounded.
The gnoll hits you with a spear.
* * * LOW HITPOINT WARNING * * *
Casting: Freeze
Confirm with . or Enter, or press ? or * to list all spells.
Aiming: Freeze
Press: ? - help, Shift-Dir - straight line, f/p - gnoll
Aim: a gnoll, wielding a spear (lightly wounded)
You freeze the gnoll.
The gnoll is severely wounded.
The gnoll hits you with a spear!
You die...

##.###.........## #.#
...# #......)...# #.#
...# #..........###.#
##.###..........)##.#
....##..........>##.#
....##...[.....#.##.#
###.##.........#.##.#
##.............#g##.#
.#..######.....#@##.#
.#.............#.##.#
.....###########.##.#
...........#
#.##.############
...........#
#.#.............#
...........#
#.###########.###
...........# #.#..#
#.# #..........#
#.#..# #.#
#..........# #.#..#
#.#


You could see a gnoll.

Vanquished Creatures
  A hound zombie (D:2)
  A hound skeleton (D:2)
  3 gnolls
  An adder (D:2)
  An adder zombie (D:2)
  An adder skeleton (D:2)
  2 leopard geckos
  A ball python (D:1)
  2 bat skeletons (D:2)
  2 bat zombies (D:2)
  6 giant cockroaches
  6 goblins
  2 hobgoblins (D:2)
  3 jackals (D:1)
  A quokka (D:2)
  6 bats
  2 frilled lizards (D:1)
  5 kobolds (D:1)
  A leopard gecko skeleton (D:2)
  3 leopard gecko zombies (D:2)
  2 quokka skeletons (D:2)
  A quokka zombie (D:2)
  5 rats (D:1)
58 creatures vanquished.

Notes
Turn   | Place    | Note
-------+----------+-------------------------------------------
     0 | D:1      | Klosterheim the Ogre Ice Elementalist began the quest for the Orb.
     0 | D:1      | Reached XP level 1. HP: 16/16 MP: 3/3
   135 | D:1      | Reached skill level 1 in Fighting
   353 | D:1      | Reached XP level 2. HP: 9/28 MP: 0/5
  1097 | D:1      | Reached XP level 3. HP: 33/37 MP: 2/6
  1841 | D:2      | Reached skill level 1 in Maces & Flails
  2183 | D:2      | Reached XP level 4. HP: 24/46 MP: 3/7
  2886 | D:1      | Reached XP level 5. HP: 18/53 MP: 1/8
  3117 | D:1      | Slain by a gnoll

Vault maps used:
D:1:      eino_arrival_cavern_c
D:2:      serial_undead, serial_undead_a, serial_undead_e, serial_undead_e,
          serial_undead_b, serial_undead_a, serial_undead_e, serial_undead_c,
          serial_undead_c, serial_undead_a, serial_undead_c,
          kennysheep_generic_room_7

Skill      XL: |  1  2  3  4 |
---------------+-------------+-----
Fighting       | 2 3 |  3.6
Maces & Flails | 1 2 |  2.2
Ice Magic      | 3 |  3.3
Dodging        | |  1.7
Stealth        | |  1.4
Spellcasting   | |  2.7
Conjurations   | |  0.8

Action                   |  1- 3 |  4- 6 || total
-------------------------+-------+-------++-------
Melee: Unarmed           |    85 |       ||    85
       Club              |    83 |    70 ||   153
       Flail             |       |     1 ||     1
 Cast: Freeze            |    45 |    28 ||    73
  Eat: Chunk             |     3 |     4 ||     7
Armor: Robe              |   103 |    44 ||   147
Dodge: Dodged            |   155 |   111 ||   266
